 Dungeon Crawl Stone Soup version 0.19-a0-1899-g2d93087 (webtiles) character file.

3861 rme2001 the Nimble (level 10, -13/108 HPs)
             Began as a Merfolk Gladiator on Oct 19, 2016.
             Was a Believer of Okawaru.
             Mangled by a hill giant
             ... wielding a +0 giant club
              (18 damage)
             ... on level 10 of the Dungeon.
             The game lasted 00:41:28 (7549 turns).

rme2001 the Nimble (Merfolk Gladiator)              Turns: 7549, Time: 00:41:29

Health: -13/108    AC: 25    Str: 14    XL:     10   Next: 18%
Magic:  10/10      EV:  2    Int:  8    God:    Okawaru [**....]
Gold:   394        SH:  0    Dex: 19    Spells: 0 memorised, 9 levels left

rFire  . . .     SeeInvis .     m - +3 dire flail
rCold  . . .     Gourm    .     (armour currently unavailable)
rNeg   + + +     Faith    .     (shield currently unavailable)
rPois  +         Spirit   .     (helmet currently unavailable)
rElec  .         Reflect  .     (cloak currently unavailable)
rCorr  .         Harm     .     (gloves currently unavailable)
MR     .....     NoTele   +     (boots currently unavailable)
Stlth  ++........               (no amulet)
                                p - ring of poison resistance
                                q - ring of flight

@: tree-form, drained
A: (change form in water), (swift swim), (stealthy swim), agile 1, frail 1,
teleportitis 1, weak 1, no device heal 1
a: Heroism, Renounce Religion


You were on level 10 of the Dungeon.
You worshipped Okawaru.
Okawaru was pleased with you.
You were not hungry.
You were a tree.
You visited 2 branches of the dungeon, and saw 11 of its levels.

You collected 394 gold pieces.

Inventory:

Hand Weapons
 i - a +3 mace of protection
 m - a +3 dire flail (weapon)
 n - a +3 falchion
 o - a +3 morningstar of freezing
Missiles
 d - 4 throwing nets (quivered)
Armour
 b - a +2 robe of fire resistance (melded)
 c - a +0 helmet (melded)
 g - a +2 buckler
 u - a +0 leather armour
 z - a +2 cloak (melded)
Jewellery
 h - an uncursed ring of stealth
 p - a ring of poison resistance (right branch)
 q - a ring of flight (left branch)
 y - an uncursed ring of ice
 A - an uncursed ring of poison resistance
Wands
 t - a wand of polymorph (13/24)
Scrolls
 s - 2 scrolls of identify
Potions
 a - a potion of flight
 e - a potion of magic
 k - 2 potions of curing
 l - a potion of ambrosia
 v - a potion of lignification
Comestibles
 f - 7 bread rations
 w - a meat ration


   Skills:
 + Level 7.9(7.2) Fighting
 - Level 3.8(3.1) Long Blades
 * Level 7.7(7.0) Maces & Flails
 - Level 2.0(1.3) Throwing
 + Level 9.8(9.0) Dodging
 - Level 4.4(3.7) Shields


You had 9 spell levels left.
You didn't know any spells.

Dungeon Overview and Level Annotations

Branches:
Dungeon (10/15)            Temple (1/1) D:6            Lair (0/6) D:10
    Orc: D:9-12

Altars:
Ashenzari
Cheibriados
Dithmenos
Elyvilon
Fedhas
Gozag
Hepliaklqana
Kikubaaqudgha
Makhleb
Nemelex Xobeh
Okawaru
Qazlal
Ru
Sif Muna
Trog
Uskayaw
Vehumet
Xom
Yredelemnul
Zin
The Shining One

Shops:
D:4 =

Annotations:
D:9 Grum
D:10 1 runed door


Innate Abilities, Weirdness & Mutations

((You revert to your normal form in water.))
((You are very nimble and swift while swimming.))
((You are very stealthy in the water. (Stealth+)))
You are agile. (Dex +2)
You are frail. (-10% HP)
You are occasionally teleported next to monsters.
You are weak. (Str -2)
Potions and wands are less effective at restoring your health.


Message History

Your +0 helmet melds into your body.
Your +2 robe of fire resistance melds into your body.
You feel less resistant to fire.
Your roots penetrate the ground.
The bullfrog snags a nearby fly with its tongue and gulps it down.
The kobold demonologist casts a spell.
The hill giant hits you with a giant club.
* * * LOW HITPOINT WARNING * * *
You cannot move.
You cannot move.
The hill giant hits you with a giant club.
* * * LOW HITPOINT WARNING * * *
There are monsters nearby!
Your larval oxshock beast bursts into living lightning!
The living lightning hits the hill giant.
Your larval oxshock beast blinks!
The hill giant hits you but does no damage.
Your system partially rejects the healing.
You feel better.
The hill giant hits you with a giant club!!
You die...

..# #.# #.#
#.# ### #.#
##... #####
#.###
#8....#♣..#
#.#.#
.....KC.H.#
##### ....#
......#####
#...# #...#
....8##YFK##
#.#.# #.###
....##.....##
#.#.# #.#
+.###.......#
## #.#.# #.# #
#.........#
#.# #.#.# #.#
#..#.......#
#.# #.#.# #.#
nF.Y##......##
#.# #.#[#


You could see a hill giant, a kobold demonologist, a big kobold, a bullfrog and
a friendly larval oxshock beast.

Vanquished Creatures
  A hill giant (D:10)
  A troll (D:7)
  The ghost of dobroeutro the Bolt Thrower, an amateur KoHu of Okawaru (D:5)
  A porcupine (D:10)
  A hornet zombie (D:5)
  2 ice beasts
  3 sky beasts
  2 ogres
  A necrophage (D:4)
  2 wolves (D:10)
  A centaur (D:10)
  A gnoll sergeant (D:5)
  Blork the orc (D:5)
  4 bullfrogs
  A scorpion (D:7)
  9 wights (D:6)
  A howler monkey (D:4)
  3 crimson imps
  3 hounds
  A quasit (D:5)
  A jelly (D:10)
  2 orc wizards (D:5)
  A centaur skeleton (D:5)
  4 iguanas
  8 worker ants
  A killer bee zombie (D:6)
  A hound skeleton (D:6)
  A howler monkey zombie (D:5)
  16 gnolls
  7 adders
  A howler monkey skeleton (D:4)
  2 oozes
  An adder zombie (D:9)
  2 worms
  3 dart slugs
  7 leopard geckos
  10 orcs
  A ball python (D:5)
  4 giant cockroaches
  10 goblins
  2 hobgoblins
  24 jackals
  4 kobolds
  7 quokkas
  9 bats
  6 frilled lizards
  A quokka zombie (D:6)
  12 rats
188 creatures vanquished.

Notes
Turn   | Place    | Note
-------+----------+-------------------------------------------
     0 | D:1      | rme2001 the Merfolk Gladiator began the quest for the Orb.
     0 | D:1      | Reached XP level 1. HP: 16/16 MP: 1/1
   103 | D:1      | Reached XP level 2. HP: 18/23 MP: 2/2
   321 | D:2      | Reached XP level 3. HP: 27/28 MP: 3/3
   864 | D:2      | Reached skill level 5 in Dodging
   882 | D:2      | Reached XP level 4. HP: 31/35 MP: 4/4
  1291 | D:3      | Reached skill level 1 in Maces & Flails
  1347 | D:3      | Reached XP level 5. HP: 32/41 MP: 5/5
  1425 | D:3      | Found a white marble altar of Elyvilon.
  1869 | D:4      | Found Vegaizae's Jewellery Shop.
  2008 | D:4      | Noticed a necrophage
  2020 | D:4      | Noticed an ogre
  2279 | D:4      | Killed a necrophage
  2279 | D:4      | Reached skill level 6 in Dodging
  2279 | D:4      | Reached XP level 6. HP: 40/47 MP: 6/6
  2506 | D:5      | Entered Level 5 of the Dungeon
  2551 | D:4      | Found a hazy altar of Hepliaklqana.
  2594 | D:4      | Reached XP level 7. HP: 19/54 MP: 7/7
  3045 | D:4      | Gained mutation: Potions and wands are less effective at restoring your health. [mutagenic meat]
  3048 | D:4      | Gained mutation: You are agile. (Dex +2) [mutagenic meat]
  3051 | D:4      | Gained mutation: You are frail. (-10% HP) [mutagenic meat]
  3054 | D:4      | Gained mutation: You are occasionally teleported next to monsters. [mutagenic meat]
  3057 | D:4      | Gained mutation: You are weak. (Str -2) [mutagenic meat]
  3131 | D:5      | Reached skill level 7 in Dodging
  3144 | D:5      | Reached skill level 5 in Fighting
  3155 | D:5      | Reached XP level 8. HP: 46/55 MP: 8/8
  3175 | D:5      | Found an opulent altar of Gozag.
  3175 | D:5      | Found a sacrificial altar of Ru.
  3175 | D:5      | Found a sparkling altar of Nemelex Xobeh.
  3293 | D:5      | Noticed Blork the orc
  3306 | D:5      | Killed Blork the orc
  3408 | D:5      | Reached skill level 5 in Maces & Flails
  3497 | D:5      | Noticed dobroeutro's ghost (amateur KoHu)
  3520 | D:5      | Killed dobroeutro's ghost
  3520 | D:5      | Reached skill level 8 in Dodging
  4608 | D:6      | Reached XP level 9. HP: 26/63 MP: 9/9
  4907 | D:6      | Reached skill level 1 in Shields
  5019 | D:6      | Found a staircase to the Ecumenical Temple.
  5488 | D:6      | Found a snail-covered altar of Cheibriados.
  5571 | Temple   | Entered the Ecumenical Temple
  5708 | Temple   | Became a worshipper of Warmaster Okawaru
  5804 | D:7      | Noticed a troll
  5813 | D:7      | Killed a troll
  5889 | D:7      | Reached skill level 9 in Dodging
  6161 | D:7      | Reached * piety under Okawaru
  7022 | D:8      | You fall through a shaft for 2 floors!
  7022 | D:10     | Entered Level 10 of the Dungeon
  7022 | D:10     | Found a runed door.
  7055 | D:9      | Noticed Grum
  7295 | D:10     | Noticed a hill giant
  7306 | D:10     | Killed a hill giant
  7306 | D:10     | Reached XP level 10. HP: 43/72 MP: 10/10
  7331 | D:10     | Reached ** piety under Okawaru
  7428 | D:10     | Found a staircase to the Lair.
  7429 | D:10     | Noticed a spiny frog
  7518 | D:10     | Noticed an eight-headed hydra
  7531 | D:10     | Noticed a kobold demonologist
  7531 | D:10     | Noticed a hill giant
  7545 | D:10     | HP: 5/108 [hill giant/giant club (4)]
  7547 | D:10     | HP: 2/108 [hill giant/giant club (4)]
  7549 | D:10     | Mangled by a hill giant

Vault maps used:
D:1:      evilmike_arrival_run_for_it, bh_walls_and_bars
D:2:      minmay_bisected
D:3:      elyvilon_altar_1, first_bread
D:4:      kennysheep_mini, serial_shops, shop
D:5:      gammafunk_temple_overflow_claw, uniq_blork_the_orc
D:6:      kennysheep_slug_shrine
D:9:      kennysheep_ambush_hall, blue_anna_alchemist, uniq_grum
D:10:     cheibrodos_histonic, dpeg_lair_monsters, uniq_josephine
Temple:   eino_temple_rhombus

Skill      XL: |  1  2  3  4  5  6  7  8  9 |
---------------+----------------------------+-----
Fighting       | 3 4 5 6 7 |  7.9
Dodging        | 5 6 7 8 9 |  9.8
Maces & Flails | 1 2 3 4 6 7 |  7.7
Shields        | 4 |  4.4
Long Blades    | |  3.8
Throwing       | |  2.0

Action                   |  1- 3 |  4- 6 |  7- 9 | 10-12 || total
-------------------------+-------+-------+-------+-------++-------
Melee: Long sword        |    63 |       |       |       ||    63
       Mace              |    30 |   260 |   316 |       ||   606
       Dire flail        |       |       |   190 |    24 ||   214
       Morningstar       |       |       |    46 |       ||    46
Evoke: Box of beasts     |       |       |       |     1 ||     1
  Use: Scroll            |     3 |     2 |     6 |     5 ||    16
       Potion            |       |     1 |    12 |     2 ||    15
 Stab: Sleeping          |     1 |       |     3 |       ||     4
       Distracted        |       |       |     1 |       ||     1
  Eat: Chunk             |       |     6 |    15 |       ||    21
       Meat ration       |       |       |     1 |       ||     1
       Beef jerky        |       |       |     1 |       ||     1
       Pizza             |       |       |     1 |       ||     1
Armor: Leather armour    |    35 |   119 |    68 |       ||   222
       Skin              |       |     2 |       |     1 ||     3
       Robe              |       |       |   106 |     5 ||   111
Dodge: Dodged            |    69 |   314 |   658 |    28 ||  1069
Block: Buckler           |       |       |     7 |       ||     7
       Rpst.: Long sword |    15 |       |       |       ||    15
